Match 46911092
Unlisted

Match 46911092
End
Kradschützen Motorcycle Team
Panzergrenadier Squad
250 Light Carrier
Panzergrenadier Squad
Construct Light Support Kompanie
Selects Armored Support Battlegroup
Selects Salvage Kits
Construct Mechanized Kompanie
2.5-tonne Medical Truck
8 Rad Armored Car
Panzerjäger Mechanized Group
Vehicle Survival Package
8 Rad Armored Car
8 Rad Armored Car
8 Rad Armored Car
Support Armor Elements
Selects Panzer Storm
Selects Superior Fire Drills
18-tonne Recovery Half-track
Marder III Tank Destroyer
Panzer Storm
란카
Glorb
Wolf 0815
Lord Ludwig
Phan
kamacura
Mr.Larry.Mx
Give ma Life 4 Pakistannn
0
0

Comments sign in to comment!

No comments posted yet!